R+ - U24
WELCH MINERS @ MEDICINE HAT STAMPEDE
08/24/2052
 
TOP OF THE 1ST
Helena Brewers batting - Pitching for Missoula Osprey : RHP Justin Bense
Pitching: RHP Justin Bense
Batting: LHB Emiliano Mateo 0-0: Called Strike
0-1: Called Strike
0-2: Strikes out swinging
Batting: RHB Hunter Pawlak 0-0: Called Strike
0-1: Ball
1-1: Called Strike
1-2: Foul Ball, location: 2F
1-2: Foul Ball, location: 2F
1-2: DOUBLE (Groundball, 5L, EV 110.0 MPH)
Batting: RHB Jacob Murday 0-0: DOUBLE (Flyball, 8RXD, EV 110.6 MPH)
Hunter Pawlak scores
Batting: LHB Frederick McWilliams 0-0: Ball
1-0: Ball
2-0: Ball
3-0: Base on Balls
Batting: RHB A.J. Gaudreault 0-0: Ball
1-0: Foul Ball, location: 2F
1-1: Ball
2-1: Called Strike
2-2: Ball
3-2: Grounds into double play, 6-4-3 (Groundball, 6, EV 98.8 MPH)
Top of the 1st over - 1 run, 2 hits, 0 errors, 1 left on base; Helena 1 - Missoula 0
BOTTOM OF THE 1ST
Missoula Osprey batting - Pitching for Helena Brewers : RHP Eduardo Herrera
Pitching: RHP Eduardo Herrera
Batting: RHB Joe Miller 0-0: Called Strike
0-1: Foul Ball, location: 2F
0-2: Ball
1-2: Fly out, F8 (Flyball, 78M, EV 93.8 MPH)
Batting: RHB Ryan Porier 0-0: Called Strike
0-1: Ball
1-1: SINGLE (Groundball, 34, EV 96.9 MPH)
Batting: LHB Alec Ford 0-0: Ball
1-0: Foul Ball, location: 2F
1-1: Ball
2-1: Ball
3-1: Called Strike
3-2: Fly out, F9 (Flyball, 89M, EV 86.2 MPH)
Batting: RHB Maddox Voorhees 0-0: Ball
1-0: Ground out 5-3 (Groundball, 56S, EV 80.0 MPH)
Bottom of the 1st over - 0 runs, 1 hit, 0 errors, 1 left on base; Helena 1 - Missoula 0
TOP OF THE 2ND
Helena Brewers batting - Pitching for Missoula Osprey : RHP Justin Bense
Batting: LHB John Bryan 0-0: Ball
1-0: Called Strike
1-1: Foul Ball, location: 2F
1-2: Strikes out looking
Batting: RHB Tom Delva 0-0: Called Strike
0-1: Ball
1-1: DOUBLE (Groundball, 5L, EV 105.0 MPH)
Batting: RHB D.J. Keen 0-0: Ball
1-0: Ground out 5-3 (Groundball, 56, EV 92.5 MPH)
Batting: RHB Harcourt Lawhorn 0-0: Fly out, F7 (Line Drive, 7, EV 98.1 MPH)
Top of the 2nd over - 0 runs, 1 hit, 0 errors, 1 left on base; Helena 1 - Missoula 0
BOTTOM OF THE 2ND
Missoula Osprey batting - Pitching for Helena Brewers : RHP Eduardo Herrera
Batting: RHB Jason Burrill 0-0: Ball
1-0: Called Strike
1-1: Called Strike
1-2: Strikes out swinging
Batting: RHB Jude Matthews 0-0: DOUBLE (Groundball, 5L, EV 110.6 MPH)
Batting: RHB D.J. Toya 0-0: Ball
1-0: Ball
2-0: Ground out 6-3 (Groundball, 6, EV 82.5 MPH)
Batting: RHB Neivy Castaneda 0-0: Ground out 3-1 (Groundball, 34S, EV 61.2 MPH)
Bottom of the 2nd over - 0 runs, 1 hit, 0 errors, 1 left on base; Helena 1 - Missoula 0
TOP OF THE 3RD
Helena Brewers batting - Pitching for Missoula Osprey : RHP Justin Bense
Batting: LHB Emiliano Mateo 0-0: Ball
1-0: Foul Ball, location: 2F
1-1: Ball
2-1: Swinging Strike
2-2: Ball
3-2: Fly out, F7 (Flyball, 78M, EV 76.9 MPH)
Batting: RHB Hunter Pawlak 0-0: Ball
1-0: Foul Ball, location: 2F
1-1: Ball
2-1: Foul Ball, location: 2F
2-2: Ground out 4-3 (Groundball, 4M, EV 88.8 MPH)
Batting: RHB Jacob Murday 0-0: Ball
1-0: Foul Ball, location: 2F
1-1: Ball
2-1: Called Strike
2-2: Ground out 6-3 (Groundball, 6, EV 83.8 MPH)
Top of the 3rd over - 0 runs, 0 hits, 0 errors, 0 left on base; Helena 1 - Missoula 0
BOTTOM OF THE 3RD
Missoula Osprey batting - Pitching for Helena Brewers : RHP Eduardo Herrera
Batting: RHB Will Westfall 0-0: Ball
1-0: Foul Ball, location: 2F
1-1: Swinging Strike
1-2: Strikes out swinging
Batting: RHB Joe Miller 0-0: Ball
1-0: SINGLE (Flyball, 8RS, EV 93.8 MPH)
Batting: RHB Ryan Porier 0-0: Ball
1-0: Ball
2-0: Called Strike
2-1: DOUBLE (Flyball, 89D, EV 110.0 MPH)
Joe Miller to third
Batting: LHB Alec Ford 0-0: Ball
1-0: SINGLE (Groundball, 4D, EV 96.9 MPH)
Joe Miller scores
Ryan Porier to third
Runner from 3rd tries for Home, SAFE, throw by CF to home
Alec Ford to second
Batting: RHB Maddox Voorhees 0-0: Ball
1-0: Ball
2-0: Foul Ball, location: 2F
2-1: Foul Ball, location: 2F
2-2: SINGLE (Groundball, 6D, EV 104.4 MPH)
Alec Ford to third
Batting: RHB Jason Burrill 0-0: Swinging Strike
0-1: Ball
1-1: Swinging Strike
1-2: Strikes out swinging
Batting: RHB Jude Matthews 0-0: Ground out 4-3 (Groundball, 4, EV 88.8 MPH)
Bottom of the 3rd over - 2 runs, 4 hits, 0 errors, 2 left on base; Helena 1 - Missoula 2
TOP OF THE 4TH
Helena Brewers batting - Pitching for Missoula Osprey : RHP Justin Bense
Batting: LHB Frederick McWilliams 0-0: Called Strike
0-1: Foul Ball, location: 2F
0-2: Strikes out swinging
Batting: RHB A.J. Gaudreault 0-0: Ball
1-0: Ground out 4-3 (Groundball, 4D, EV 86.2 MPH)
Batting: LHB John Bryan 0-0: SOLO HOME RUN (Flyball, 9D, EV 94.4 MPH), Distance : 351 ft
Batting: RHB Tom Delva 0-0: SINGLE (Line Drive, 9S, EV 112.5 MPH)
Batting: RHB D.J. Keen 0-0: Called Strike
0-1: Ball
1-1: Ball
2-1: Foul Ball, location: 2F
2-2: Foul Ball, location: 2F
2-2: Ground out 4-3 (Groundball, 4, EV 83.1 MPH)
Top of the 4th over - 1 run, 2 hits, 0 errors, 1 left on base; Helena 2 - Missoula 2
BOTTOM OF THE 4TH
Missoula Osprey batting - Pitching for Helena Brewers : RHP Eduardo Herrera
Batting: RHB D.J. Toya 0-0: Called Strike
0-1: Ball
1-1: SINGLE (Flyball, 34D, EV 88.1 MPH)
Batting: RHB Neivy Castaneda 0-0: Called Strike
0-1: Ball
1-1: Called Strike
1-2: Ball
2-2: Ball
3-2: Base on Balls
D.J. Toya to second
Batting: RHB Will Westfall 0-0: Called Strike
0-1: Swinging Strike
0-2: Single, Error in OF, E9, batter to second base (Line Drive, 89M, EV 90.0 MPH)
D.J. Toya scores
Neivy Castaneda to third
Batting: RHB Joe Miller 0-0: Ball
1-0: Foul Ball, location: 2F
1-1: SINGLE (Line Drive, 89M, EV 92.5 MPH)
Neivy Castaneda scores
Will Westfall to third
Batting: RHB Ryan Porier 0-0: Ball
1-0: Fly out, F7 (Flyball, 7LS, EV 84.4 MPH)
Batting: LHB Alec Ford 0-0: Called Strike
Joe Miller steals 2nd base
0-1: Swinging Strike
0-2: Foul Ball, location: 2F
0-2: Foul Ball, location: 2F
0-2: Ball
1-2: Ball
2-2: Ball
3-2: Strikes out looking
Batting: RHB Maddox Voorhees 0-0: Ball
1-0: Foul Ball, location: 2F
1-1: Ball
2-1: Swinging Strike
2-2: Strikes out swinging
Bottom of the 4th over - 2 runs, 3 hits, 1 error, 2 left on base; Helena 2 - Missoula 4
TOP OF THE 5TH
Helena Brewers batting - Pitching for Missoula Osprey : RHP Justin Bense
Batting: RHB Harcourt Lawhorn 0-0: Foul Ball, location: 2F
0-1: Ball
1-1: Swinging Strike
1-2: Ball
2-2: Ball
3-2: Base on Balls
Batting: LHB Emiliano Mateo 0-0: SINGLE (Line Drive, 8LS, EV 95.6 MPH)
Harcourt Lawhorn to second
Harcourt Lawhorn to third
Batting: RHB Hunter Pawlak 0-0: Ball
Wild Pitch!
Harcourt Lawhorn scores
Emiliano Mateo to second
1-0: Foul Ball, location: 2F
1-1: Called Strike
1-2: Ball
2-2: Ball
3-2: Foul Ball, location: 2F
3-2: Foul Ball, location: 2F
3-2: Base on Balls
Batting: RHB Jacob Murday 0-0: Fly out, F2 (Popup, 5SF, EV 76.9 MPH)
Batting: LHB Frederick McWilliams 0-0: Foul Ball, location: 2F
0-1: SINGLE (Line Drive, 89S, EV 98.1 MPH)
Emiliano Mateo to third
Hunter Pawlak to second
Pinch Hitting: LHB Garrett Barrish 0-0: Swinging Strike
0-1: Ball
1-1: SINGLE (Groundball, 3D, EV 98.1 MPH)
Emiliano Mateo scores
Hunter Pawlak to third
Frederick McWilliams to second
Batting: LHB John Bryan 0-0: Called Strike
0-1: Foul Ball, location: 2F
0-2: Ball
1-2: Ball
2-2: Strikes out swinging
Batting: RHB Tom Delva 0-0: Ball
1-0: Foul Ball, location: 2F
1-1: Ball
2-1: Called Strike
2-2: Ball
3-2: Ground out 3-1 (Groundball, 34, EV 106.2 MPH)
Top of the 5th over - 2 runs, 3 hits, 0 errors, 3 left on base; Helena 4 - Missoula 4
BOTTOM OF THE 5TH
Missoula Osprey batting - Pitching for Helena Brewers : RHP Eduardo Herrera
Now in LF: Garrett Barrish
Batting: RHB Jason Burrill 0-0: Foul Ball, location: 2F
0-1: Ball
1-1: Called Strike
1-2: DOUBLE (Flyball, 78XD, EV 101.9 MPH)
Batting: RHB Jude Matthews 0-0: Ground out 4-3 (Groundball, 4, EV 104.4 MPH)
Jason Burrill to third
Batting: RHB D.J. Toya 0-0: Called Strike
0-1: Swinging Strike
0-2: Ball
1-2: Ground out U3 (Groundball, 34, EV 82.5 MPH)
Batting: RHB Neivy Castaneda 0-0: Ball
1-0: Called Strike
1-1: Foul Ball, location: 2F
1-2: Ball
2-2: Ball
3-2: Base on Balls
Batting: RHB Will Westfall 0-0: Fielders Choice at 2nd, 5-4 (Groundball, 5, EV 91.2 MPH)
Bottom of the 5th over - 0 runs, 1 hit, 0 errors, 2 left on base; Helena 4 - Missoula 4
TOP OF THE 6TH
Helena Brewers batting - Pitching for Missoula Osprey : RHP Justin Bense
Batting: RHB D.J. Keen 0-0: Called Strike
0-1: Ball
1-1: Called Strike
1-2: Strikes out swinging
Batting: RHB Harcourt Lawhorn 0-0: Ball
1-0: Ball
2-0: Ball
3-0: Called Strike
3-1: Ground out 6-3 (Groundball, 56, EV 101.2 MPH)
Batting: LHB Emiliano Mateo 0-0: Ball
1-0: Called Strike
1-1: Ball
2-1: Ground out U3 (Groundball, 34, EV 103.1 MPH)
Top of the 6th over - 0 runs, 0 hits, 0 errors, 0 left on base; Helena 4 - Missoula 4
BOTTOM OF THE 6TH
Missoula Osprey batting - Pitching for Helena Brewers : RHP Eduardo Herrera
Batting: RHB Joe Miller 0-0: Ball
1-0: Foul Ball, location: 2F
1-1: Ball
2-1: Called Strike
2-2: Ball
3-2: Strikes out swinging
Pitching: RHP Ari Coleman
Batting: RHB Ryan Porier 0-0: Fly out, F9 (Flyball, 9LM, EV 86.2 MPH)
Batting: LHB Alec Ford 0-0: Fly out, F7 (Line Drive, 7, EV 109.4 MPH)
Bottom of the 6th over - 0 runs, 0 hits, 0 errors, 0 left on base; Helena 4 - Missoula 4
TOP OF THE 7TH
Helena Brewers batting - Pitching for Missoula Osprey : RHP Justin Bense
Pitching: RHP Quinton Collado
Batting: RHB Hunter Pawlak 0-0: Ball
1-0: Ball
2-0: Foul Ball, location: 2F
2-1: Ball
3-1: Swinging Strike
3-2: Foul Ball, location: 2F
3-2: Foul Ball, location: 2F
3-2: Foul Ball, location: 2F
3-2: Base on Balls
Batting: RHB Jacob Murday 0-0: Ball
1-0: Ball
2-0: Called Strike
2-1: DOUBLE (Line Drive, 78D, EV 110.0 MPH)
Hunter Pawlak to third
Batting: LHB Frederick McWilliams 0-0: Ball
1-0: Ball
2-0: SINGLE (Groundball, 4, EV 100.0 MPH)
Hunter Pawlak scores
Jacob Murday to third
Batting: LHB Garrett Barrish 0-0: Ball
1-0: Ball
2-0: Ball
3-0: Called Strike
3-1: Foul Ball, location: 2F
3-2: Strikes out swinging
Batting: LHB John Bryan 0-0: Ball
1-0: Reached via error on a dropped throw from 2B, E6 (Groundball, 34D, EV 79.4 MPH)
Jacob Murday scores
Frederick McWilliams to second
Batting: RHB Tom Delva 0-0: Called Strike
0-1: Ball
1-1: Foul Ball, location: 2F
1-2: Ball
2-2: Strikes out swinging
Batting: RHB D.J. Keen 0-0: Called Strike
0-1: Foul Ball, location: 2F
0-2: Strikes out swinging
Top of the 7th over - 2 runs, 2 hits, 1 error, 2 left on base; Helena 6 - Missoula 4
BOTTOM OF THE 7TH
Missoula Osprey batting - Pitching for Helena Brewers : RHP Ari Coleman
Batting: RHB Maddox Voorhees 0-0: Ball
1-0: Fly out, F3 (Popup, 3, EV 67.5 MPH)
Pinch Hitting: LHB Ziggy Delagarza 0-0: SINGLE (Flyball, 6D, EV 83.8 MPH)
Batting: RHB Jude Matthews 0-0: Called Strike
0-1: Ball
1-1: Foul Ball, location: 2F
1-2: Strikes out swinging
Batting: RHB D.J. Toya 0-0: Foul Ball, location: 2F
0-1: Foul Ball, location: 2F
0-2: Ball
1-2: Ball
2-2: Strikes out swinging
Bottom of the 7th over - 0 runs, 1 hit, 0 errors, 1 left on base; Helena 6 - Missoula 4
TOP OF THE 8TH
Helena Brewers batting - Pitching for Missoula Osprey : RHP Quinton Collado
Now at SS: Colton McGuire
Batting: RHB Harcourt Lawhorn 0-0: Swinging Strike
0-1: Swinging Strike
0-2: SINGLE (Flyball, 4D, EV 86.9 MPH)
Batting: LHB Emiliano Mateo 0-0: Ball
1-0: Called Strike
1-1: Ball
2-1: Foul Ball, location: 2F
2-2: Ball
3-2: Fielders Choice at 2nd, 6-4 (Groundball, 6M, EV 86.9 MPH)
Pitching: RHP Johnny Barnum
Batting: RHB Hunter Pawlak 0-0: Ball
1-0: Called Strike
1-1: Ball
2-1: Called Strike
Emiliano Mateo steals 2nd base
2-2: Foul Ball, location: 2F
2-2: Strikes out swinging
Batting: RHB Jacob Murday 0-0: Ball
1-0: Ball
2-0: Foul Ball, location: 2F
2-1: Ball
3-1: Base on Balls
Batting: LHB Frederick McWilliams 0-0: Ball
1-0: Called Strike
1-1: Ball
2-1: Ball
3-1: DOUBLE (Flyball, 8LXD, EV 98.1 MPH)
Emiliano Mateo scores
Jacob Murday to third
Runner from 3rd tries for Home, throw by CF and OUT! 8-6-2
Top of the 8th over - 1 run, 2 hits, 0 errors, 1 left on base; Helena 7 - Missoula 4
BOTTOM OF THE 8TH
Missoula Osprey batting - Pitching for Helena Brewers : RHP Ari Coleman
Batting: RHB Neivy Castaneda 0-0: Foul Ball, location: 2F
0-1: Ball
1-1: Ball
2-1: Fly out, F9 (Flyball, 9LS, EV 93.1 MPH)
Batting: RHB Will Westfall 0-0: Ball
1-0: SINGLE (Line Drive, 8LS, EV 105.6 MPH)
Batting: RHB Joe Miller 0-0: Ball
1-0: Ball
2-0: Ball
3-0: Called Strike
3-1: Base on Balls
Will Westfall to second
Batting: RHB Ryan Porier 0-0: Ball
1-0: Grounds into double play, 5-4-3 (Groundball, 56, EV 111.2 MPH)
Bottom of the 8th over - 0 runs, 1 hit, 0 errors, 1 left on base; Helena 7 - Missoula 4
TOP OF THE 9TH
Helena Brewers batting - Pitching for Missoula Osprey : RHP Johnny Barnum
Batting: LHB Garrett Barrish 0-0: Ball
1-0: Ball
2-0: Called Strike
2-1: Swinging Strike
2-2: Ground out 2-3 (Groundball, 2R, EV 67.5 MPH)
Batting: LHB John Bryan 0-0: Called Strike
0-1: Ball
1-1: Called Strike
1-2: Ball
2-2: Ball
3-2: Base on Balls
Batting: RHB Tom Delva 0-0: Ball
1-0: Ball
2-0: SINGLE (Groundball, 4M, EV 95.6 MPH)
John Bryan to second
Pitching: LHP Alejandro Abrego
Batting: RHB D.J. Keen 0-0: Ball
1-0: Ball
2-0: Called Strike
2-1: Ball
3-1: Base on Balls
John Bryan to third
Tom Delva to second
Batting: RHB Harcourt Lawhorn 0-0: Grounds into fielders choice 5-2 (Groundball, 56, EV 81.2 MPH)
Tom Delva to third
D.J. Keen to second
Pinch Hitting: RHB Derrick Moore 0-0: Ball
1-0: Fly out, F7 (Flyball, 7S, EV 70.0 MPH)
Top of the 9th over - 0 runs, 1 hit, 0 errors, 3 left on base; Helena 7 - Missoula 4
BOTTOM OF THE 9TH
Missoula Osprey batting - Pitching for Helena Brewers : RHP Ari Coleman
Pitching: RHP Mike Johns
Now at SS: Elias Mills
Now in LF: Louis Gardner
Batting: LHB Alec Ford 0-0: Foul Ball, location: 2F
0-1: Foul Ball, location: 2F
0-2: Ball
1-2: Ball
2-2: Ball
3-2: Strikes out swinging
Pinch Hitting: LHB Ray Wong 0-0: Ball
1-0: Ball
2-0: Ball
3-0: Called Strike
3-1: Foul Ball, location: 2F
3-2: Strikes out swinging
Batting: RHB Colton McGuire 0-0: Fly out, F8 (Line Drive, 8LM, EV 97.5 MPH)
Bottom of the 9th over - 0 runs, 0 hits, 0 errors, 0 left on base; Helena 7 - Missoula 4
Saturday, May 4th , 2024 - OOTP Baseball 24.11 Build 85